 Dungeon Crawl Stone Soup version 0.23-a0-8-gb809bb7 (webtiles) character file.

75445 Amnesiac the Destroyer (level 15, -17/90 HPs)
             Began as a Mummy Conjurer on Aug 2, 2018.
             Was the Champion of Vehumet.
             Killed from afar by a deep elf elementalist (35 damage)
             ... with a fireball
             ... on level 3 of the Elven Halls.
             The game lasted 00:43:29 (22137 turns).

Amnesiac the Destroyer (Mummy Conjurer)            Turns: 22137, Time: 00:43:30

Health: -17/90     AC: 13    Str: 12    XL:     15   Next: 9%
Magic:  17/33      EV: 16    Int: 23    God:    Vehumet [******]
Gold:   194        SH:  0    Dex: 13    Spells: 7/42 levels left

rFire    . . .     SeeInvis .   a - staff of conjuration
rCold    . . .     Gourm    .   (no shield)
rNeg     + + +     Faith    .   h - +2 robe {Archmagi}
rPois    ∞         Spirit   .   L - +1 helmet {Int+3}
rElec    .         Reflect  .   s - +2 cloak
rCorr    .         Harm     .   J - +1 pair of gloves
MR       +....                  t - +1 pair of boots
Stlth    ++........             p - amulet of magic regeneration
HPRegen  0.25/turn              K - +4 ring of evasion
MPRegen  0.48/turn              g - ring of fire

@: very slightly contaminated
A: no food or potions, fire vulnerability, cold resistance 1, negative energy
resistance 3, torment resistance, unbreathing, in touch with death 1
a: Renounce Religion


You were on level 3 of the Elven Halls.
You worshipped Vehumet.
Vehumet was exalted by your worship.
You were not hungry.

You visited 4 branches of the dungeon, and saw 18 of its levels.

You collected 1669 gold pieces.
You spent 1475 gold pieces at shops.

Inventory:

Hand Weapons
 b - a +1 blowgun
 f - a +0 hunting sling
 n - a +2 quarterstaff of protection
Missiles
 c - 289 stones (quivered)
 i - 65 poisoned needles
 j - 5 curare-tipped needles
 l - 13 tomahawks of returning
 o - 93 sling bullets
Armour
 h - a +2 robe of the Archmagi (worn)
 s - a +2 cloak (worn)
 t - a +1 pair of boots (worn)
 B - a +2 shield of poison resistance
 J - a +1 pair of gloves (worn)
 L - a +1 helmet of intelligence (worn)
Magical Staves
 a - an uncursed staff of conjuration (weapon)
Jewellery
 d - an uncursed ring of flight
 g - a ring of fire (right hand)
 p - an amulet of magic regeneration (around neck)
 F - an uncursed ring of teleportation
 K - a +4 ring of evasion (left hand)
Wands
 m - a wand of digging (23)
 u - a wand of paralysis (14)
Scrolls
 e - a scroll of amnesia {!r}
 k - 2 scrolls of blinking {!r}
 q - a scroll of brand weapon {!r}
 r - a scroll of fog {!r, unknown}
 v - a scroll of fear {!r}
 w - a scroll of identify {!r}
 x - 5 scrolls of remove curse {!r}
 y - 3 scrolls of teleportation {!r}
 z - a scroll of silence {!r}
 A - a scroll of vulnerability {!r}
 E - a scroll of magic mapping {!r}


   Skills:
 - Level 1.5 Dodging
 - Level 1.5 Stealth
 + Level 14.2 Spellcasting
 * Level 14.3 Conjurations
 * Level 14.2 Fire Magic


You had 7 spell levels left.
You knew the following spells:

 Your Spells              Type           Power        Failure   Level  Hunger
a - Fireball              Conj/Fire      ########..   1%          5    N/A
b - Call Imp              Summ           ###.....     5%          2    N/A
c - Fulminant Prism       Conj/Hex       #######...   1%          4    N/A
d - Iskenderun's Mystic   Conj           ########     1%          4    N/A
e - Mephitic Cloud        Conj/Pois/Air  ######..     1%          3    N/A
f - Searing Ray           Conj           ######       0%          2    N/A
g - Yara's Violent Unrav  Hex/Tmut       ###.......   26%         5    N/A
s - Conjure Flame         Conj/Fire      ########     1%          3    N/A
v - Blink                 Tloc           N/A          5%          2    N/A
w - Irradiate             Conj/Tmut      #######...   1%          5    N/A

Your spell library contained the following spells:

 Spells                   Type           Power        Failure   Level  Hunger
 Cause Fear               Hex            ###.......   36%         4    N/A
 Magic Dart               Conj           ####         0%          1    N/A
 Slow                     Hex            ###.....     5%          2    N/A
 Confuse                  Hex            ###.....     11%         3    N/A
 Regeneration             Chrm/Necr      #####.....   11%         3    N/A
 Confusing Touch          Hex            ###...       3%          1    N/A
 Metabolic Englaciation   Hex/Ice        ###.......   71%         5    N/A
 Corona                   Hex            ###....      3%          1    N/A
 Portal Projectile        Hex/Tloc       ###...       11%         3    N/A
 Petrify                  Tmut/Erth      ###.....     36%         4    N/A
 Leda's Liquefaction      Hex/Erth       ###.......   36%         4    N/A
 Shroud of Golubria       Chrm/Tloc      ###.......   5%          2    N/A
 Inner Flame              Hex/Fire       #######.     1%          3    N/A
 Dazzling Spray           Conj/Hex       ######       1%          3    N/A
 Force Lance              Conj/Tloc      #######.     1%          4    N/A
 Infusion                 Chrm           ###.         3%          1    N/A
 Song of Slaying          Chrm           ###.....     5%          2    N/A
 Spectral Weapon          Hex/Chrm       ###.....     11%         3    N/A
 Gell's Gravitas          Tloc           ###.......   11%         3    N/A

Dungeon Overview and Level Annotations

Branches:
Dungeon (12/15)            Temple (1/1) D:5            Lair (0/6) D:8
    Orc (2/2) D:12            Elf (3/3) Orc:2

Altars:
Ashenzari
Cheibriados
Dithmenos
Elyvilon
Fedhas
Gozag
Hepliaklqana
Kikubaaqudgha
Makhleb
Nemelex Xobeh
Okawaru
Ru
Sif Muna
Trog
Uskayaw
Vehumet
Wu Jian
Xom
Yredelemnul
Zin
The Shining One

Shops:
D:8 :[?(=   D:11 ?}:}   Orc:2 (*[*

Portals:
Bazaar: Elf:3

Annotations:
Elf:2 3 runed doors
Elf:3 2 exclusions


Innate Abilities, Weirdness & Mutations

You do not eat or drink.
Your flesh is vulnerable to fire.
You are immune to poison.
Your flesh is cold resistant. (rC+)
You are immune to negative energy. (rN+++)
You are immune to unholy pain and torment.
You can survive without breathing.
You are in touch with the powers of death.


Message History

You feel a huge surge of power!
The fireball explodes!
The fireball engulfs the deep elf blademaster.
The deep elf blademaster is almost dead.
You hear a shout! x3
The deep elf elementalist casts a spell at you.
Some walls begin to move on their own!
Casting: Fireball (safe; 1% risk of failure)
Confirm with . or Enter, or press ? or * to list all spells.
You don't have enough magic to cast that spell.
The deep elf elementalist points at you and mumbles some strange words.
Some walls begin to move on their own!
The deep elf elementalist mumbles some strange words.
The deep elf elementalist seems to speed up.
There is an open door here.
The deep elf blademaster hits you with a rapier!
The deep elf blademaster hits you with a rapier.
There is an open door here.
Casting: Fireball (safe; 1% risk of failure)
Confirm with . or Enter, or press ? or * to list all spells.
Aiming: Fireball (safe; 1% risk of failure)
Press: ? - help, Shift-Dir - straight line, f/p - deep elf elementalist
Aim: a deep elf elementalist, wielding a short sword and wearing a ring mail (almost dead, fast, repelling missiles)
Okay, then.
The deep elf blademaster hits you but does no damage.
The deep elf blademaster hits you with a rapier.
Casting: Fireball (safe; 1% risk of failure)
Confirm with . or Enter, or press ? or * to list all spells.
Okay, then.
Okay, then.
Casting: Fireball (safe; 1% risk of failure)
Confirm with . or Enter, or press ? or * to list all spells.
Okay, then.
Casting: Fireball (safe; 1% risk of failure)
Confirm with . or Enter, or press ? or * to list all spells.
You feel a strong surge of power!
You erupt in a fountain of uncontrolled magic!
The deep elf blademaster is blasted with magical radiation!
You kill the deep elf blademaster!
Vehumet accepts your kill.
You feel your power returning.
You are very lightly contaminated with residual magic.
You hear a shout! x2
The deep elf elementalist points at you and mumbles some strange words.
Some walls begin to move on their own!
Some walls begin to move on their own!
You hear a shout! x2
The earth elemental hits you!!!
* * * LOW HITPOINT WARNING * * *
The deep elf sorcerer casts a spell.
The deep elf sorcerer seems to speed up.
There is an open door here.
Okay, then.
Evoke which item? (* to show all) (? for menu, Esc to quit)
Aiming: Dig
Press: ? - help, Shift-Dir - straight line You can't see that place.
The rock shatters into small pieces.
You hear rumbling.
You hear a shout!
Some walls begin to move on their own!
A deep elf demonologist comes into view.
It is wielding a long sword.
The deep elf demonologist casts a spell.
The deep elf elementalist points at you and mumbles some strange words.
The fireball explodes!
The fireball engulfs you!
You die...

.######'#### #####
.)## #)# #...## ###
...# #.# ##.e###
###..# ...# #.#
##..#..###....# ...#
#.# ##EE.###.E.....#
..## #)##
##.....#####e.E.#
.## ###..# #...P...#
##...# ## #....#
##...34## #'### #
##'..# ##@...'## #.#
# ##.####
##.##.##e## #E##
####.##
####.#######.####E.#
.##.## ###.#'##
##.##..E# ..'##
###.....### ##.#E).#
...####......(..#
##)#e###
...'..§..§§§.§..#
#.Eee.#
...####§§§§§§.§§#
#..EE.## ..##
#§.§.§.§.§# ##...e.#


You could see a deep elf elementalist, a sun demon, a deep elf demonologist, 2
earth elementals and a red devil.

Vanquished Creatures
  A deep elf blademaster (Elf:3)
  A deep elf sorcerer (Elf:3)
  A deep elf elementalist (Elf:3)
  An entropy weaver (shapeshifter) (Elf:1)
  4 deep elf annihilators (Elf:3)
  3 deep elf death magi (Elf:3)
  Fannar (D:10)
  A hydra (D:12)
  Erica (D:11)
  4 ogre magi (Orc:2)
  18 dancing weapons
  18 two-headed ogres
  3 deep elf knights
  An unseen horror (D:11)
  5 deep elf archers
  2 orc knights
  A cyclops (D:12)
  34 deep elf magi
  3 ugly things
  An orc sorcerer (Orc:1)
  Joseph (D:8)
  A komodo dragon (D:12)
  A meliai (shapeshifter) (Elf:1)
  4 trolls
  4 hippogriffs
  A water elemental (Elf:1)
  3 air elementals
  15 yaks
  3 fire elementals
  2 wyverns
  A steam dragon (D:10)
  Grum (D:9)
  2 basilisks (D:8)
  2 vampire mosquitoes (D:12)
  A swamp worm (shapeshifter) (Elf:1)
  3 water moccasins
  2 porcupines (D:8)
  2 black bears
  14 orc warriors
  6 sky beasts
  2 eyes of draining
  A necrophage (D:10)
  An ice beast (D:9)
  2 phantoms
  31 ogres
  3 wolves (D:9)
  9 centaurs
  A crocodile (D:8)
  2 big kobolds
  6 bullfrogs
  2 earth elementals (Elf:2)
  2 wyvern zombies
  4 scorpions
  16 killer bees
  3 howler monkeys
  6 crimson imps
  A quasit (D:12)
  A bullfrog zombie (D:12)
  4 jellies
  3 bullfrog skeletons
  A centaur zombie (D:2)
  A centaur skeleton (D:8)
  9 orc priests
  Crazy Yiuf (D:3)
  5 hounds
  Jessica (D:2)
  Terence (D:2)
  An iguana (D:8)
  18 orc wizards
  8 worker ants
  A hound skeleton (D:9)
  A worker ant zombie (D:11)
  A gnoll (D:1)
  13 adders
  2 howler monkey skeletons
  5 shadow imps
  2 oozes (D:1)
  An adder skeleton (D:8)
  4 worms
  3 dart slugs
  5 leopard geckos
  60 orcs
  3 ball pythons
  8 bats
  6 giant cockroaches
  7 hobgoblins
  17 jackals
  6 quokkas
  6 frilled lizards
  11 goblins
  A jackal skeleton (D:4)
  33 kobolds
  2 quokka skeletons (D:7)
  6 rats
  A plant (D:5)
524 creatures vanquished.

Vanquished Creatures (others)
  3 water elementals (Elf:1)
  A fulminant prism (Elf:1)
  7 plants
  3 withered plants (D:7)
14 creatures vanquished.

Grand Total: 538 creatures vanquished

Notes
Turn   | Place    | Note
-------+----------+-------------------------------------------
     0 | D:1      | Amnesiac the Mummy Conjurer began the quest for the Orb.
     0 | D:1      | Reached XP level 1. HP: 13/13 MP: 4/4
   346 | D:1      | Reached XP level 2. HP: 14/19 MP: 0/6
   353 | D:1      | You fall through a shaft!
   415 | D:2      | Learned a level 2 spell: Searing Ray
   599 | D:3      | Reached XP level 3. HP: 24/24 MP: 1/8
  1002 | D:4      | Reached XP level 4. HP: 30/30 MP: 7/10
  1139 | D:4      | Found an iron altar of Okawaru.
  1457 | D:4      | Reached XP level 5. HP: 33/35 MP: 8/11
  1480 | D:4      | Learned a level 4 spell: Iskenderun's Mystic Blast
  1544 | D:4      | You fall through a shaft!
  1544 | D:5      | Entered Level 5 of the Dungeon
  1544 | D:5      | Found an ornate altar of the Wu Jian Council.
  1622 | D:5      | Found a staircase to the Ecumenical Temple.
  1636 | Temple   | Entered the Ecumenical Temple
  1673 | Temple   | Became a worshipper of Vehumet
  1736 | D:5      | Noticed a sky beast
  1742 | D:5      | Killed a sky beast
  1742 | D:5      | Reached skill level 5 in Conjurations
  1926 | D:5      | Reached skill level 5 in Spellcasting
  1926 | D:5      | Reached XP level 6. HP: 39/41 MP: 1/13
  2311 | D:3      | Reached * piety under Vehumet
  2311 | D:3      | Offered knowledge of Shock by Vehumet.
  3068 | D:1      | Reached ** piety under Vehumet
  3413 | D:2      | Offered knowledge of Flame Tongue by Vehumet.
  3730 | D:2      | Noticed Terence
  3738 | D:2      | Killed Terence
  3985 | D:2      | Noticed Jessica
  3989 | D:2      | Killed Jessica
  4099 | D:3      | Reached XP level 7. HP: 46/46 MP: 7/15
  4293 | D:3      | Found a runed door.
  4497 | D:3      | Noticed Crazy Yiuf
  4504 | D:3      | Killed Crazy Yiuf
  4780 | D:4      | Found an opulent altar of Gozag.
  4780 | D:4      | Found a snail-covered altar of Cheibriados.
  4780 | D:4      | Found a shimmering altar of Xom.
  4782 | D:4      | Found a basalt altar of Yredelemnul.
  4784 | D:4      | Found a hide-covered altar of Uskayaw.
  4853 | D:4      | Offered knowledge of Static Discharge by Vehumet.
  4996 | D:5      | Learned a level 4 spell: Fulminant Prism
  5030 | D:5      | Found a sparkling altar of Nemelex Xobeh.
  6057 | D:5      | Reached XP level 8. HP: 52/52 MP: 4/18
  6210 | D:6      | Reached *** piety under Vehumet
  7346 | D:7      | Offered knowledge of Throw Icicle by Vehumet.
  7529 | D:7      | Found an ancient bone altar of Kikubaaqudgha.
  7531 | D:7      | Found a blossoming altar of Fedhas.
  7683 | D:7      | Reached XP level 9. HP: 57/57 MP: 13/21
  8129 | D:7      | Learned a level 2 spell: Blink
  8272 | D:7      | Learned a level 3 spell: Mephitic Cloud
  8276 | D:7      | Learned a level 3 spell: Conjure Flame
  8279 | D:7      | Learned a level 2 spell: Call Imp
  8458 | D:8      | Noticed Joseph
  8756 | D:8      | Killed Joseph
  8756 | D:8      | Reached skill level 10 in Spellcasting
  8756 | D:8      | Reached skill level 10 in Conjurations
  8889 | D:8      | Found Qopijet's Weapon Shoppe.
  8892 | D:8      | Noticed a two-headed ogre
  8898 | D:8      | Killed a two-headed ogre
  8898 | D:8      | Reached XP level 10. HP: 63/63 MP: 10/24
  9612 | D:8      | Found a staircase to the Lair.
  9635 | D:8      | Noticed a two-headed ogre
  9641 | D:8      | Killed a two-headed ogre
  9641 | D:8      | Reached **** piety under Vehumet
  9806 | D:8      | Found Moacups's Antique Armour Shoppe.
  9814 | D:8      | Bought a glowing robe for 103 gold pieces
  9846 | D:8      | Found a hazy altar of Hepliaklqana.
  9846 | D:8      | Found a sacrificial altar of Ru.
  9998 | D:8      | Found Wack's Book Emporium.
 10086 | D:8      | Found Afrusk's Magic Scroll Emporium.
 10094 | D:8      | Bought a scroll of blinking for 90 gold pieces
 10101 | D:8      | Offered knowledge of Fireball by Vehumet.
 10147 | D:8      | Learned a level 5 spell: Fireball
 10171 | D:8      | Found Erphagg's Jewellery Shop.
 10663 | D:9      | Noticed Grum
 10665 | D:9      | Killed Grum
 11460 | D:9      | Found a white marble altar of Elyvilon.
 11529 | D:10     | Entered Level 10 of the Dungeon
 11530 | D:10     | Reached XP level 11. HP: 68/68 MP: 21/26
 11536 | D:10     | Noticed a two-headed ogre
 11917 | D:10     | Killed a two-headed ogre
 12221 | D:10     | Got a heavily runed plate armour
 12339 | D:10     | Noticed Fannar
 12343 | D:10     | Killed Fannar
 12639 | D:11     | Noticed a green ugly thing
 12687 | D:11     | Killed a green ugly thing
 12897 | D:11     | Found Vojych's Magic Scroll Emporium.
 12953 | D:11     | Reached skill level 5 in Fire Magic
 13126 | D:11     | Noticed a cyan ugly thing
 13126 | D:11     | Noticed an unseen horror
 13129 | D:11     | Killed an unseen horror
 13138 | D:11     | Killed a cyan ugly thing
 13240 | D:11     | Reached ***** piety under Vehumet
 13368 | D:11     | Noticed a two-headed ogre
 13369 | D:11     | Offered knowledge of Olgreb's Toxic Radiance by Vehumet.
 13372 | D:11     | Killed a two-headed ogre
 13642 | D:11     | Found Fogismef's Book Shoppe.
 13758 | D:11     | Found Ecraeco's Gadget Shop.
 13782 | D:11     | Noticed Erica
 13887 | D:11     | Killed Erica
 14097 | D:11     | Found Wynubehube's Gadget Emporium.
 14326 | D:12     | Noticed a seven-headed hydra
 14329 | D:12     | Killed a seven-headed hydra
 14329 | D:12     | Reached XP level 12. HP: 74/74 MP: 17/28
 15382 | D:12     | Identified the cursed +1 plate armour of Wariness {+Blink} (You found it on level 10 of the Dungeon)
 15525 | D:12     | Found a staircase to the Orcish Mines.
 15566 | Orc:1    | Entered Level 1 of the Orcish Mines
 15614 | Orc:2    | Entered Level 2 of the Orcish Mines
 15626 | Orc:2    | Noticed a two-headed ogre
 15628 | Orc:2    | Killed a two-headed ogre
 15628 | Orc:2    | Noticed a two-headed ogre
 15654 | Orc:1    | Killed a two-headed ogre
 15654 | Orc:1    | Reached skill level 10 in Fire Magic
 16590 | Orc:2    | Noticed a two-headed ogre
 16594 | Orc:2    | Killed a two-headed ogre
 16765 | Orc:2    | Noticed an ogre mage
 16768 | Orc:2    | Killed an ogre mage
 16768 | Orc:2    | Offered knowledge of Sticky Flame by Vehumet.
 16897 | Orc:2    | Noticed a two-headed ogre
 16897 | Orc:2    | Noticed an ogre mage
 16900 | Orc:2    | Noticed an ogre mage
 16901 | Orc:2    | Killed a two-headed ogre
 16902 | Orc:2    | Noticed a two-headed ogre
 16903 | Orc:2    | Killed an ogre mage
 17038 | Orc:2    | Noticed a two-headed ogre
 17041 | Orc:2    | Killed a two-headed ogre
 17041 | Orc:2    | Noticed an ogre mage
 17169 | Orc:2    | Noticed a two-headed ogre
 17171 | Orc:2    | Noticed a two-headed ogre
 17172 | Orc:2    | Killed a two-headed ogre
 17172 | Orc:2    | Gained mutation: You are in touch with the powers of death. [Mummy growth]
 17172 | Orc:2    | Reached XP level 13. HP: 79/79 MP: 13/29
 17753 | Orc:2    | Found a staircase to the Elven Halls.
 18541 | Orc:2    | Found Dikazeno's Antique Weapon Shoppe.
 18541 | Orc:2    | Found Gatoruim's Antique Armour Boutique.
 18541 | Orc:2    | Found Guguxzof's Assorted Antiques.
 18541 | Orc:2    | Found Xonnuwot's Assorted Antiques.
 18661 | Orc:2    | Bought a scroll labeled GUETOSESTE for 36 gold pieces
 18661 | Orc:2    | Bought a scroll labeled AGIALL WOKE for 36 gold pieces
 18662 | Orc:2    | Bought a scroll labeled PEEFON IMABO for 26 gold pieces
 18837 | Orc:2    | Bought a lumpy garnet amulet for 180 gold pieces
 18840 | Orc:2    | Bought a glowing helmet for 180 gold pieces
 18840 | Orc:2    | Bought a pair of runed gloves for 180 gold pieces
 18858 | Orc:2    | Bought a bone ring for 130 gold pieces
 18860 | Orc:2    | Bought a ring of evasion for 52 gold pieces
 18860 | Orc:2    | Bought a glowing helmet for 195 gold pieces
 18875 | Orc:2    | Bought a ring of evasion for 72 gold pieces
 18889 | Orc:2    | Bought a scroll of enchant armour for 195 gold pieces
 18913 | Elf:1    | Entered Level 1 of the Elven Halls
 19795 | Elf:1    | Found a radiant altar of Vehumet.
 19974 | Elf:1    | Noticed an entropy weaver
 19977 | Elf:1    | Killed an entropy weaver
 19980 | Elf:1    | Reached XP level 14. HP: 67/85 MP: 10/31
 21062 | Elf:2    | Learned a level 5 spell: Yara's Violent Unravelling
 21244 | Elf:2    | Found a deep blue altar of Sif Muna.
 21549 | Elf:2    | Found a runed gate.
 21549 | Elf:2    | Found a runed gate.
 21556 | Elf:2    | Found a runed gate.
 21745 | Elf:3    | Identified a paperback manual
 21745 | Elf:3    | Entered Level 3 of the Elven Halls
 21749 | Elf:3    | Found a deep blue altar of Sif Muna.
 21840 | Elf:3    | Reached ****** piety under Vehumet
 21952 | Elf:3    | Found a flickering gateway to a bazaar.
 21986 | Elf:3    | Offered knowledge of Irradiate by Vehumet.
 22002 | Elf:3    | Learned a level 5 spell: Irradiate
 22002 | Elf:3    | Noticed a deep elf elementalist
 22005 | Elf:3    | Killed a deep elf elementalist
 22104 | Elf:3    | Noticed a deep elf sorcerer
 22105 | Elf:3    | Reached XP level 15. HP: 64/90 MP: 22/33
 22107 | Elf:3    | Killed a deep elf sorcerer
 22107 | Elf:3    | Noticed a deep elf blademaster
 22109 | Elf:3    | Noticed a deep elf master archer
 22110 | Elf:3    | Noticed a deep elf sorcerer
 22117 | Elf:3    | Killed a deep elf blademaster
 22137 | Elf:3    | Killed from afar by a deep elf elementalist

Vault maps used:
D:1:      lordsloth_arrival_two_stooges, minmay_heptomino_w4
D:2:      minmay_misc_feat_diagonals, uniq_jessica, uniq_terence
D:3:      first_ration, uniq_crazy_yiuf_cottage
D:4:      minitemple
D:5:      kennysheep_kobold_camp, nemelex_xobeh_ov_fountains_minmay,
          temple_pool_b, basic_altar
D:6:      hangedman_decor_opposing
D:7:      grunt_temple_overflow_growth_and_decay
D:8:      gammafunk_temple_overflow_elements, minmay_lair_entry_grove,
          serial_shops, shop, shop, kennysheep_mini, nicolae_shop_trees,
          nicolae_shop_temple_entry_statues_fountains, uniq_joseph
D:9:      marbit_many_paths, nicolae_overflow_hidden_temple, uniq_grum
D:10:     uniq_fannar
D:11:     serial_shops, shop_fountains, kennysheep_little_box, shop_statue,
          shop, uniq_erica
D:12:     orc_0_dummy
Temple:   jpeg_temple_island
Orc:2:    st_orc_ogre_mass, nicolae_orc_jurassic_orc
Elf:1:    basic_altar, minivault_28
Elf:2:    glass_columns_a, lemuel_blue_sif_altar
Elf:3:    minmay_elf_hall_x, basic_altar, serial_shops, bzr_in_the_mist

Skill      XL: |  1  2  3  4  5  6  7  8  9 10 11 12 13 14 |
---------------+-------------------------------------------+-----
Spellcasting   | 3 4 5 7 8 10 11 12 13 14 | 14.2
Conjurations   | 4 5 6 7 8 10 11 12 13 14 | 14.3
Fire Magic     | 8 11 13 14 | 14.2
Dodging        | |  1.5
Stealth        | |  1.5

Action                   |  1- 3 |  4- 6 |  7- 9 | 10-12 | 13-15 || total
-------------------------+-------+-------+-------+-------+-------++-------
Melee: Unarmed           |    10 |       |       |       |       ||    10
       Trident           |       |    32 |    93 |       |       ||   125
       Quarterstaff      |       |       |    19 |   108 |     3 ||   130
       Staff             |       |       |       |       |     1 ||     1
 Cast: Magic Dart        |    55 |   194 |    48 |       |       ||   297
       Searing Ray       |     2 |    11 |    10 |       |     1 ||    24
       Iskenderun's Myst |       |       |   113 |    49 |    72 ||   234
       Mephitic Cloud    |       |       |     3 |       |       ||     3
       Fireball          |       |       |       |   227 |   135 ||   362
       Blink             |       |       |       |     2 |     1 ||     3
       Call Imp          |       |       |       |     1 |       ||     1
       Fulminant Prism   |       |       |       |       |     1 ||     1
       Irradiate         |       |       |       |       |     1 ||     1
Evoke: Wand              |       |       |     1 |     5 |     1 ||     7
  Use: Scroll            |       |       |    10 |     5 |     6 ||    21
 Stab: Distracted        |       |     1 |       |       |       ||     1
       Sleeping          |       |     3 |       |       |       ||     3
       Confused          |       |       |     3 |       |       ||     3
Armor: Robe              |    19 |    18 |    36 |    58 |     4 ||   135
       Leather armour    |       |       |    15 |    14 |       ||    29
Dodge: Dodged            |    48 |    94 |    65 |   119 |    17 ||   343
Block: Other             |       |       |       |     6 |     2 ||     8

Table legend:
 A = Spawn XP
 B = Non-spawn XP
 C = Spawn XP percentage of total XP
 D = Spawn monster count
 E = Non-spawn monster count
 F = Spawn count percentage of total count
 G = Total turns spent on level
                    A         B        C        D         E        F      G
               +---------+---------+-------+---------+---------+-------+---------
         Total |       0 |  107779 |   0.0 |       0 |     523 |   0.0 | 22137
               +---------+---------+-------+---------+---------+-------+---------
           D:1 |       0 |     100 |   0.0 |       0 |      44 |   0.0 |  1275
           D:2 |       0 |     188 |   0.0 |       0 |      25 |   0.0 |  1031
           D:3 |       0 |     241 |   0.0 |       0 |      23 |   0.0 |  1027
           D:4 |       0 |     197 |   0.0 |       0 |      16 |   0.0 |   824
           D:5 |       0 |     570 |   0.0 |       0 |      31 |   0.0 |  1651
           D:6 |       0 |     616 |   0.0 |       0 |      18 |   0.0 |  1059
           D:7 |       0 |    1532 |   0.0 |       0 |      30 |   0.0 |  1668
           D:8 |       0 |    5229 |   0.0 |       0 |      36 |   0.0 |  2107
           D:9 |       0 |    2412 |   0.0 |       0 |      23 |   0.0 |  1045
          D:10 |       0 |    3689 |   0.0 |       0 |      26 |   0.0 |  1363
          D:11 |       0 |    5937 |   0.0 |       0 |      43 |   0.0 |  1543
          D:12 |       0 |    5903 |   0.0 |       0 |      37 |   0.0 |  1009
         Orc:1 |       0 |    4123 |   0.0 |       0 |      33 |   0.0 |  2078
         Orc:2 |       0 |   19260 |   0.0 |       0 |      56 |   0.0 |  1161
         Elf:1 |       0 |   23701 |   0.0 |       0 |      37 |   0.0 |  2017
         Elf:2 |       0 |   16241 |   0.0 |       0 |      28 |   0.0 |   815
         Elf:3 |       0 |   17840 |   0.0 |       0 |      17 |   0.0 |   392
               +---------+---------+-------+---------+---------+-------+---------
